 Dungeon Sprint DCSS version 0.29.1-12-g30fa7ad0bf (webtiles) character file.

Game seed: 6630168050048132938

4312 Groucho the Unseen (level 10, -14/53 HPs)
             Began as a Spriggan Enchanter on Dec 29, 2022.
             Was a High Priest of Dithmenos.
             Demolished by a spriggan rider
             ... wielding a +0 spear
              (26 damage)
             ... in the Dungeon (Sprint IV: "Fedhas' Mad Dash").
             The game lasted 00:07:33 (1495 turns).

Groucho the Unseen (Spriggan Enchanter)             Turns: 1495, Time: 00:07:33

Health: -14/53     AC:  2    Str:  6    XL:     10   Next: 11%
Magic:  18/18      EV: 24    Int: 18    God:    Dithmenos [*****.]
Gold:   183        SH:  0    Dex: 17    Spells: 8/19 levels left

rFire   . . .      SeeInvis +   a - +1 dagger
rCold   . . .      Faith    .   (no shield)
rNeg    . . .      Spirit   .   b - +0 robe
rPois   .          Reflect  .   (helmet restricted)
rElec   .          Harm     .   (no cloak)
rCorr   .          Rampage  .   (gloves unavailable)
Will    +....      NoTele   +   (boots unavailable)
Stlth   ++++++++++              c - amulet of invisibility {+Inv}
HPRegen 0.17/turn               (no ring)
MPRegen 0.16/turn               (no ring)

@: wreathed by umbra, very quick
A: very small, no large weapons, unfitting armour, see invisible, speed 3
a: Renounce Religion, Evoke Invisibility, Shadow Step, Shadow Form


You were in the Dungeon.
You worshipped Dithmenos.
Dithmenos was extremely pleased with you.
You visited 1 branch You collected 183 gold pieces.

Inventory:

Hand Weapons
 a - a +1 dagger (weapon)
Missiles
 j - 8 stones (quivered)
 l - 6 boomerangs
Armour
 b - a +0 robe (worn)
Jewellery
 c - the amulet of invisibility (around neck) {+Inv}
   (You found it in the Dungeon)

   [amulet of nothing]

   +Inv:      It lets you turn invisible.
Scrolls
 f - a scroll of poison {unknown}
 k - a scroll of identify {unknown}
Potions
 g - a potion of magic


   Skills:
 + Level 6.1 Fighting
 - Level 10.0 Short Blades
 + Level 10.3 Dodging
 - Level 16.0 Stealth
 - Level 5.2 Spellcasting
 - Level 14.0 Hexes
 - Level 15.2 Evocations


You had 8 spell levels left.
You knew the following spells:

 Your Spells              Type           Power      Damage    Failure   Level
a - Ensorcelled Hibernat  Hex/Ice        58%        N/A       1%          2
b - Confusing Touch       Hex            53%        N/A       1%          3
c - Dazzling Flash        Conj/Hex       58%        N/A       2%          3
d - Tukima's Dance        Hex            53%        N/A       1%          3

Your spell library contained the following spells:

 Spells                   Type           Power      Damage    Failure   Level
 Cause Fear               Hex            26%        N/A       1%          4
 Inner Flame              Hex/Fire       29%        N/A       2%          3
 Anguish                  Hex/Necr       14%        N/A       8%          4
 Enfeeble                 Hex            26%        N/A       34%         7
 Discord                  Hex            26%        N/A       95%         8
 Fireball                 Conj/Fire      2%         3d4       98%         5
 Starburst                Conj/Fire      2%         6d3       100%        6
 Ignition                 Fire           2%         3d3       100%        8


Dungeon Overview and Level Annotations

Branches:
Dungeon (1/1)

Altars:
Cheibriados
Dithmenos
Elyvilon
Gozag
Hepliaklqana
Kikubaaqudgha
Makhleb
Nemelex Xobeh
Okawaru
Qazlal
Ru
Sif Muna
Trog
Uskayaw
Vehumet
Wu Jian
Xom
Yredelemnul
Zin
The Shining One
Jiyva
Lugonu


Innate Abilities, Weirdness & Mutations

You are very small and have problems with some larger weapons.
You are too small for most types of armour.
You have supernaturally acute eyesight. (SInv)
You cover ground extremely quickly. (Speed+++)


Message History

The spriggan rider is no longer blind.
The spriggan rider misses you.
Okay, then.
Okay, then.
Casting: Dazzling Flash (dangerous; 2% risk of failure)
Confirm with . or Enter, or press ? or * to list all spells.
Casting: Dazzling Flash (dangerous; 2% risk of failure)
Press: ? - help, Dir - look around, f - activate The spriggan rider is dazzled.
The spriggan rider misses you.
Unknown command.
Unknown command.
Unknown command.
You hit the spriggan rider.
The spriggan rider is lightly wounded.
Your shadow closely misses the spriggan rider.
You hit the spriggan rider.
The spriggan rider is lightly wounded.
The spriggan rider completely misses you.
You hit the spriggan rider.
The spriggan rider is lightly wounded.
You closely miss the spriggan rider.
The spriggan rider is lightly wounded.
The spriggan rider barely misses you.
You hit the spriggan rider.
The spriggan rider is lightly wounded.
You catch the helpless spriggan rider completely off-guard!
You perforate the spriggan rider like a sieve!!!
The spriggan rider is almost dead.
The spriggan rider barely misses you.
You hit the spriggan rider.
The spriggan rider is almost dead.
Your shadow closely misses the spriggan rider.
The spriggan rider is no longer blind.
Casting: Dazzling Flash (dangerous; 2% risk of failure)
Confirm with . or Enter, or press ? or * to list all spells.
You don't have enough magic to cast this spell.
Unknown command.
Unknown command.
Magic courses through your body.
The spriggan rider hits you with a +0 spear!!
You die...

#<..P#.....#.....#.⌠._.
#PP..'.....'.#(..'.._._
#PPPP#.....#.#...#..._.
###############'##.._._
#...♣........'...#._._.
#......♣.....#...######
#†....♣..♣..######♣♣♣♣♣
##'####'######§§§i§§§).
#[.#..@.'.....§§#♣§§♣♣♣
#..#.i###.....§§#.♣♣.)♣
####### ########## ####


You could see a spriggan rider.

Vanquished Creatures
  A spriggan druid (D)
  6 oklob plants (D)
  A demonic crawler (D)
  A wandering mushroom (D)
  2 burning bushes (D)
  A queen bee (D)
  2 spriggans (D)
  A scorpion (D)
  4 killer bees (D)
  5 oklob saplings (D)
  A river rat (D)
  A rat (D)
26 creatures vanquished.

Vanquished Creatures (others)
  A dancing weapon (D)
  A ballistomycete spore (D)
  2 fungi (D)
4 creatures vanquished.

Grand Total: 30 creatures vanquished

Notes
Turn   | Place    | Note
-------+----------+-------------------------------------------
     0 | D        | Groucho the Spriggan Enchanter began the quest for the Orb.
     0 | D        | Reached XP level 1. HP: 9/9 MP: 5/5
    11 | D        | Reached skill level 6 in Stealth
    11 | D        | Reached XP level 2. HP: 13/13 MP: 7/7
    14 | D        | Noticed an oklob sapling
    16 | D        | Killed an oklob sapling
    17 | D        | Reached skill level 7 in Stealth
    17 | D        | Reached XP level 3. HP: 16/16 MP: 7/9
    18 | D        | Noticed a scorpion
    18 | D        | Found the amulet of invisibility {+Inv}
    20 | D        | Killed a scorpion
    21 | D        | Reached skill level 9 in Stealth
    21 | D        | Reached skill level 5 in Spellcasting
    21 | D        | Reached skill level 5 in Hexes
    21 | D        | Reached XP level 4. HP: 21/21 MP: 8/12
    24 | D        | Found an opulent altar of Gozag.
    24 | D        | Found a hazy altar of Hepliaklqana.
    24 | D        | Found a burning altar of Makhleb.
    24 | D        | Found a sparkling altar of Nemelex Xobeh.
    24 | D        | Found a snail-covered altar of Cheibriados.
    24 | D        | Found a sacrificial altar of Ru.
    24 | D        | Found a shimmering blue altar of Sif Muna.
    24 | D        | Found a shimmering altar of Xom.
    24 | D        | Found a basalt altar of Yredelemnul.
    25 | D        | Found a viscous altar of Jiyva.
    25 | D        | Found a bloodstained altar of Trog.
    25 | D        | Found an ornate altar of the Wu Jian Council.
    26 | D        | Found an iron altar of Okawaru.
    26 | D        | Found a shadowy altar of Dithmenos.
    26 | D        | Found a glowing silver altar of Zin.
    27 | D        | Found an ancient bone altar of Kikubaaqudgha.
    27 | D        | Found a hide-covered altar of Uskayaw.
    28 | D        | Found a stormy altar of Qazlal.
    28 | D        | Found a white marble altar of Elyvilon.
    28 | D        | Found a glowing golden altar of the Shining One.
    29 | D        | Found a corrupted altar of Lugonu.
    29 | D        | Found a radiant altar of Vehumet.
    34 | D        | Became a worshipper of Dithmenos the Shadowed
    44 | D        | Reached skill level 10 in Stealth
    44 | D        | Reached XP level 5. HP: 24/24 MP: 9/13
    53 | D        | Reached skill level 5 in Short Blades
    53 | D        | Reached skill level 11 in Stealth
   105 | D        | Learned a level 2 spell: Ensorcelled Hibernation
   109 | D        | Learned a level 3 spell: Confusing Touch
   113 | D        | Learned a level 3 spell: Dazzling Flash
   127 | D        | Reached * piety under Dithmenos
   128 | D        | Reached skill level 5 in Evocations
   138 | D        | Noticed a queen bee
   145 | D        | Killed a queen bee
   146 | D        | Reached skill level 13 in Stealth
   146 | D        | Reached XP level 6. HP: 28/28 MP: 14/14
   147 | D        | Reached ** piety under Dithmenos
   148 | D        | Reached skill level 14 in Stealth
   150 | D        | Reached XP level 7. HP: 32/32 MP: 15/15
   272 | D        | Noticed an oklob plant
   275 | D        | Killed an oklob plant
   276 | D        | Reached skill level 16 in Stealth
   524 | D        | Noticed a burning bush
   527 | D        | Killed a burning bush
   527 | D        | Reached *** piety under Dithmenos
   528 | D        | Reached XP level 8. HP: 36/36 MP: 16/16
   540 | D        | Noticed a burning bush
   540 | D        | Noticed an oklob plant
   541 | D        | Noticed a wandering mushroom
   542 | D        | Killed a burning bush
   543 | D        | Reached skill level 10 in Hexes
   547 | D        | Killed an oklob plant
   551 | D        | Killed a wandering mushroom
   551 | D        | Reached **** piety under Dithmenos
   552 | D        | Reached skill level 10 in Short Blades
   552 | D        | Reached skill level 15 in Evocations
   552 | D        | Reached XP level 9. HP: 39/39 MP: 15/17
   556 | D        | Learned a level 3 spell: Tukima's Dance
   705 | D        | Noticed a spriggan druid
   706 | D        | Killed a spriggan druid
   707 | D        | Reached skill level 5 in Dodging
   722 | D        | Noticed an oklob plant conjurer
   723 | D        | Killed an oklob plant conjurer
  1175 | D        | Noticed an oklob plant
  1175 | D        | Noticed an oklob plant summoner
  1176 | D        | Noticed an oklob plant shifter
  1180 | D        | Killed an oklob plant
  1182 | D        | Killed an oklob plant summoner
  1185 | D        | Killed an oklob plant shifter
  1185 | D        | Reached ***** piety under Dithmenos
  1186 | D        | Reached skill level 5 in Fighting
  1195 | D        | Noticed a demonic crawler
  1197 | D        | Killed a demonic crawler
  1198 | D        | Reached XP level 10. HP: 52/52 MP: 18/18
  1199 | D        | Noticed a spriggan rider
  1408 | D        | Reached skill level 10 in Dodging
  1495 | D        | Demolished by a spriggan rider

Illustrated notes

Levels and vault maps discovered:
D:        dungeon_sprint_fedhas [sprint_temple]

Skill      XL: |  1  2  3  4  5  6  7  8  9 10 |
---------------+-------------------------------+-----
Short Blades   | 2 3 4 6 8 10 | 10.0
Stealth        | 6 7 9 10 13 14 16 | 16.0
Spellcasting   | 3 4 5 |  5.2
Hexes          | 4 5 6 8 9 11 13 14 | 14.0
Evocations     | 3 8 9 12 15 | 15.2
Fighting       | 5 6 |  6.1
Dodging        | 9 10 | 10.3

Action                   |  1- 3 |  4- 6 |  7- 9 | 10-12 || total
-------------------------+-------+-------+-------+-------++-------
Melee: Dagger            |     4 |    13 |    13 |    18 ||    48
Throw: Stone             |       |       |     1 |       ||     1
 Cast: Tukima's Dance    |       |       |       |     6 ||     6
       Dazzling Flash    |       |       |       |     4 ||     4
 Abil: Evoke Invisibilit |       |     1 |     3 |       ||     4
  Use: Potion            |     2 |     1 |       |     5 ||     8
       Scroll            |       |       |       |     1 ||     1
 Stab: Sleeping          |     3 |     6 |    13 |       ||    22
       Invisible         |     1 |     2 |       |     2 ||     5
Dodge: Dodged            |     1 |     1 |       |    16 ||    18
